[Event "Team 45 45 League T70"]
[Site "Internet Chess Club"]
[Date "2016.10.01"]
[Round "4"]
[White "chesskix"]
[Black "mongmong"]
[Result "1-0"]
[WhiteElo "1517"]
[BlackElo "1473"]
[Opening "Réti opening"]
[ECO "A13"]
[Time "13:01:23"]
[TimeControl "2700+45"]

1. Nf3 e6 2. c4 Nf6 3. Nc3 d5 4. cxd5 exd5 5. d4 c6 6. a3 Bf5 7. Bd2 Nbd7 8. b4
a6 9. g3 h6 10. Bg2 Be7 11. O-O O-O 12. Rc1 Nb6 13. Nh4 Bh7 14. Na4 Ne4 15. Nxb6
Qxb6 16. Be3 Bxh4 17. gxh4 Qd8 18. Bxe4 Bxe4 19. f3 Bf5 20. Bf2 Bh3 21. Re1 Qf6
22. Bg3 Qg6 23. e4 dxe4 24. Rxe4 Rfe8 25. Qe1 f6 26. Rc3 Bf5 27. Rxe8+ Rxe8 28.
Re3 Qf7 29. Rxe8+ Kh7 30. Re7 Qd5 31. Qe3 Bh3 32. Qf2 Qb3 33. Re3 Qd1+ 34. Re1
Qb3 35. Qe3 Qb2 36. Re2 Qb1+ 37. Be1 f5 38. Kf2 Qd1 39. Rd2 Qb1 40. Qd3 Qa1 41.
Rc2 Qb1 42. Rc3 Qa2+ 43. Qe2 Qe6 44. Qxe6 {Black resigns} 1-0

[Event "Team 45 45 League T70"]
[Site "Internet Chess Club"]
[Date "2016.09.29"]
[Round "4"]
[White "smsxman"]
[Black "Bible-Believer"]
[Result "1-0"]
[WhiteElo "1407"]
[BlackElo "1441"]
[Opening "French defense"]
[ECO "C00"]
[Time "14:00:09"]
[TimeControl "2700+45"]

1. e4 e6 2. Nc3 d5 3. exd5 exd5 4. d4 c6 5. Be2 Bd6 6. Nf3 Ne7 7. O-O O-O 8. Re1
Re8 9. Bg5 f6 10. Bh4 Bg4 11. Bg3 Na6 12. a3 Qd7 13. Nh4 Bxe2 14. Nxe2 Nc7 15.
c3 Rad8 16. Qc2 Ne6 17. Nf5 Nxf5 18. Qxf5 Ng5 19. Qxd7 Rxd7 20. Nf4 Ne4 21. f3
Nxg3 22. Rxe8+ Kf7 23. Ree1 Bxf4 24. hxg3 Bxg3 25. Rf1 Re7 26. Rab1 Re2 27. f4
Re4 28. f5 g5 29. fxg6+ hxg6 30. Rf3 Bh4 31. g3 Bg5 32. Kg2 f5 33. b4 Re2+ 34.
Rf2 Re3 35. Rc2 b5 36. Rh1 Kg7 37. Ra1 Kf7 38. a4 a6 39. axb5 axb5 40. Ra7+ Kf6
41. Rc7 Re6 42. Kf3 Re3+ 43. Kf2 Re6 44. Re2 Rd6 45. Rc8 Kf7 46. Kf3 Bc1 47.
Rc7+ Kf6 48. Rc8 Kf7 49. Rh2 Re6 50. Re2 Rd6 51. Rce8 Bg5 52. R8e5 Bf6 53. Re8
Bg5 54. g4 fxg4+ 55. Kxg4 Bf6 56. R8e3 Bd8 57. Rh2 Kg7 58. Re8 Bf6 59. Rhh8 Kf7
60. Rhf8+ Kg7 61. Rg8+ Kf7 62. Rc8 Re6 63. Kf3 Bg5 64. Rcf8+ Ke7 65. Re8+ Kf7
66. Rxe6 Kxe6 67. Rxg6+ Bf6 68. Kf4 Kf7 69. Rg2 Bh4 70. Ke3 Kf6 71. Kd3 Ke6 72.
Rg4 Be1 73. Rg6+ Kd7 74. Rf6 Kc7 75. Re6 Kd7 76. Rxe1 {Black resigns} 1-0

[Event "Team 45 45 League T70"]
[Site "Internet Chess Club"]
[Date "2016.09.30"]
[Round "4"]
[White "kingsrook"]
[Black "dabodhi"]
[Result "0-1"]
[WhiteElo "1276"]
[BlackElo "1325"]
[Opening "Nimzo-Indian: 4.e3, Bronstein (Byrne) variation"]
[ECO "E45"]
[Time "15:06:28"]
[TimeControl "2700+45"]

1. d4 Nf6 2. c4 e6 3. Nc3 Bb4 4. e3 b6 5. Ne2 Ba6 6. Ng3 Bxc3+ 7. bxc3 d5 8. Qf3
O-O 9. cxd5 Qxd5 10. e4 Qa5 11. Bxa6 Qxa6 12. Bg5 Nbd7 13. Qe2 Qa5 14. Rc1 Qxg5
15. O-O Rac8 16. e5 Nd5 17. Ne4 Nf4 18. Qf3 Qf5 19. Ng3 Nh3+ 20. gxh3 Qxf3
{White resigns} 0-1

[Event "Team 45 45 League T70"]
[Site "Internet Chess Club"]
[Date "2016.10.01"]
[Round "4"]
[White "ascoli"]
[Black "viktory"]
[Result "0-1"]
[WhiteElo "1543"]
[BlackElo "1642"]
[Opening "QGD: Orthodox defense"]
[ECO "D60"]
[Time "12:00:16"]
[TimeControl "2700+45"]

1. d4 d5 2. c4 e6 3. Nc3 Nf6 4. Bg5 Be7 5. e3 O-O 6. Nf3 Nbd7 7. cxd5 exd5 8.
Qc2 b6 9. Bd3 Bb7 10. O-O h6 11. Bh4 c5 12. h3 Rc8 13. Bg3 a6 14. Ne5 Nxe5 15.
Bxe5 Bd6 16. f4 b5 17. Bf5 Rc7 18. Qf2 cxd4 19. exd4 b4 20. Na4 a5 21. Nc5 Ne4
22. Nxb7 Rxb7 23. Bxe4 dxe4 24. Rad1 f5 25. Qg3 Kh7 26. h4 h5 27. b3 g6 28. Qg5
Be7 29. Qg3 Bxh4 30. Qe3 Bf6 31. d5 Bxe5 32. fxe5 Qe7 33. Qd4 Rd8 34. Rc1 Rb5
35. d6 Qxe5 36. Rc7+ Kg8 37. Qa7 Rd5 38. d7 Qd4+ 39. Qxd4 Rxd4 40. Ra7 Rd5 41.
Rc1 R8xd7 42. Rc8+ Kf7 43. Raa8 Kf6 44. Rc6+ R7d6 45. Rxd6+ Rxd6 46. Rxa5 Rd2
47. Ra4 e3 48. Rxb4 Rd1+ {White resigns} 0-1

[Event "Team 45 45 League T70"]
[Site "Internet Chess Club"]
[Date "2016.09.30"]
[Round "4"]
[White "JRussell2"]
[Black "mattwang"]
[Result "1-0"]
[WhiteElo "1462"]
[BlackElo "1299"]
[Opening "Sicilian: closed"]
[ECO "B23"]
[Time "19:00:17"]
[TimeControl "2700+45"]

1. e4 c5 2. Nc3 e6 3. g3 Nc6 4. Bg2 Nf6 5. f4 e5 6. d3 d6 7. Nf3 Bg4 8. h3 Bd7
9. O-O Be7 10. Be3 O-O 11. fxe5 dxe5 12. Nd5 Nh5 13. Nxe5 Nxg3 14. Rf3 Nxe5 15.
Rxg3 Bh4 16. Rf3 Nxf3+ 17. Qxf3 f5 18. Rf1 fxe4 19. Qxe4 Rxf1+ 20. Kxf1 Bc6 21.
Qc4 Kh8 22. Bxc5 Bxd5 23. Bxd5 b6 24. Bxa8 Qf6+ 25. Ke2 Qe5+ 26. Qe4 Qh2+ 27.
Qg2 Qxg2+ 28. Bxg2 bxc5 29. Ke3 Bg5+ 30. Ke4 Kg8 31. Kd5 Be7 32. d4 cxd4 33.
Kxd4 Bf6+ 34. Kc5 Bxb2 35. a4 Kf7 36. c4 Ke7 37. Kb5 Bd4 38. c5 Ke6 39. Kc6 Ke5
40. Kb5 Ke6 41. c6 Bb6 42. a5 Bc7 43. Ka6 Bb8 44. Kb7 {Black resigns} 1-0

[Event "Team 45 45 League T70"]
[Site "Internet Chess Club"]
[Date "2016.10.02"]
[Round "4"]
[White "Rushu2009"]
[Black "PsyMar"]
[Result "1-0"]
[WhiteElo "1271"]
[BlackElo "1353"]
[Opening "Rousseau gambit"]
[ECO "C50"]
[Time "17:59:46"]
[TimeControl "2700+45"]

1. e4 e5 2. Nf3 Nc6 3. Bc4 f5 4. d3 Nf6 5. Ng5 d5 6. exd5 Nxd5 7. O-O f4 8. Nf3
Bg4 9. h3 Bxf3 10. Qxf3 Nd4 11. Qh5+ Kd7 12. Bxd5 Nxc2 13. Qxe5 Kc8 14. Bxf4
Nxa1 15. Nc3 Bd6 16. Qe4 Nc2 17. Bxb7+ Kd7 18. Bxa8 Bxf4 19. Bc6+ {Black
resigns} 1-0

[Event "Team 45 45 League T70"]
[Site "Internet Chess Club"]
[Date "2016.10.02"]
[Round "4"]
[White "Zyme"]
[Black "zap2"]
[Result "0-1"]
[WhiteElo "1411"]
[BlackElo "1761"]
[Opening "King's Indian: 4.e4"]
[ECO "E70"]
[Time "08:14:50"]
[TimeControl "2700+45"]

1. d4 Nf6 2. c4 g6 3. Nc3 Bg7 4. e4 O-O 5. f4 c5 6. d5 d6 7. Bd3 Nbd7 8. Nf3 e5
9. fxe5 dxe5 10. O-O Ne8 11. Be3 Nd6 12. Qd2 f5 13. exf5 gxf5 14. Ne1 e4 15. Be2
b6 16. Bh6 Qe7 17. Bxg7 Qxg7 18. Nc2 Ne5 19. b3 Rf6 20. Rf2 Bd7 21. Raf1 Kh8 22.
Qf4 Rg6 23. Nd1 Rg8 24. Nce3 Nd3 25. Bxd3 exd3 26. Kh1 Ne4 27. Rb2 Rh6 28. Nxf5
Bxf5 29. Qxf5 Ng3+ 30. Kg1 Nxf5 {White resigns} 0-1

[Event "Team 45 45 League T70"]
[Site "Internet Chess Club"]
[Date "2016.10.02"]
[Round "4"]
[White "tuantuan"]
[Black "BrerRabbit"]
[Result "1-0"]
[WhiteElo "1411"]
[BlackElo "1391"]
[Opening "Pirc: Ufimtsev-Pytel variation"]
[ECO "B07"]
[Time "19:03:40"]
[TimeControl "2700+45"]

1. e4 d6 2. d4 Nf6 3. Nc3 c6 4. Nf3 Bg4 5. Be2 e6 6. Bg5 Be7 7. O-O O-O 8. h3
Bh5 9. Qd2 Nbd7 10. e5 Ne8 11. Bxe7 Qxe7 12. Rad1 d5 13. Nh2 Bg6 14. f4 f5 15.
b3 c5 16. Kh1 Rc8 17. dxc5 Qxc5 18. Nb5 a6 19. Nd4 Bf7 20. c4 Nc7 21. b4 Qe7 22.
c5 Nb8 23. a3 Be8 24. g4 g6 25. g5 Nc6 26. Nhf3 Nxd4 27. Nxd4 Nb5 28. Bxb5 Bxb5
29. Nxb5 axb5 30. Qe2 Qd7 31. h4 Ra8 32. Qb2 Qc6 33. Kg1 Ra4 34. Rd3 Rfa8 35.
Rff3 Kg7 36. Rh3 Rh8 37. h5 Raa8 38. Qh2 Rac8 39. Rh4 Qe8 40. Rdh3 Qc6 41. hxg6
hxg6 42. Rh7+ Rxh7 43. Rxh7+ Kg8 44. Rh8+ Kg7 45. Qh7# {Black checkmated} 1-0

[Event "Team 45 45 League T70"]
[Site "Internet Chess Club"]
[Date "2016.10.01"]
[Round "4"]
[White "liujf"]
[Black "AlPearson"]
[Result "1-0"]
[WhiteElo "1332"]
[BlackElo "1355"]
[Opening "Petrov: Cozio (Lasker) attack"]
[ECO "C42"]
[Time "09:20:04"]
[TimeControl "2700+45"]

1. e4 e5 2. Nf3 Nf6 3. Nxe5 d6 4. Nf3 Nxe4 5. Qe2 Qe7 6. Nc3 Nxc3 7. dxc3 Nc6 8.
Bf4 Bf5 9. Rc1 Qxe2+ 10. Bxe2 O-O-O 11. O-O d5 12. Rfe1 Bd6 13. Bxd6 Rxd6 14.
Bd3 Bd7 15. Ng5 Rf8 16. Nxh7 Rh8 17. Ng5 Rf6 18. Re3 a5 19. Rf3 Rxf3 20. Nxf3
Kd8 21. Re1 f6 22. Nd4 Ne5 23. Re3 Ng4 24. Rh3 Rxh3 25. gxh3 Ne5 26. Bf5 g6 27.
Bxd7 Kxd7 28. b3 c6 29. Kg2 Kd6 30. f4 Nd7 31. Kf3 Nc5 32. f5 g5 33. Kg4 Ne4 34.
h4 gxh4 35. Ne2 Ke5 36. a4 h3 37. b4 b6 38. Nd4 axb4 39. Nxc6+ Kd6 40. Nxb4 Nxc3
41. Kxh3 Nxa4 42. Kg3 Nc5 43. Kg4 Nd7 44. Kh5 Ke5 45. Kg4 Nf8 46. h4 d4 47. Nc6+
Kd5 48. Ne7+ Kc4 49. Ng6 Nh7 50. Nf4 Kc3 51. Ne2+ Kxc2 52. Nxd4+ Kd3 53. Nc6 b5
54. Kh5 Ke4 55. Kg6 Kd5 56. Nb4+ Kc4 57. Na6 Kd4 58. Kxh7 Ke5 59. Kg7 Kxf5 60.
h5 Kg5 61. h6 f5 62. h7 Kg4 63. h8=Q Kg3 64. Qh1 f4 65. Kg6 f3 66. Qg1+ Kf4 67.
Kf6 Ke4 68. Kg5 Kd3 69. Kg4 Ke2 70. Kg3 Kd3 71. Kxf3 Kc3 72. Qc5+ Kd3 73. Nb4+
Kd2 74. Qc2+ Ke1 75. Qe2# {Black checkmated} 1-0

[Event "Team 45 45 League T70"]
[Site "Internet Chess Club"]
[Date "2016.09.30"]
[Round "4"]
[White "cityprosecutor"]
[Black "calsal"]
[Result "1-0"]
[WhiteElo "1769"]
[BlackElo "1785"]
[Opening "Scandinavian defense"]
[ECO "B01"]
[Time "10:03:54"]
[TimeControl "2700+45"]

1. e4 d5 2. exd5 Nf6 3. d4 Bg4 4. Nf3 Qxd5 5. Be2 Nc6 6. h3 Bxf3 7. Bxf3 Qd7 8.
O-O O-O-O 9. c3 e5 10. Qb3 exd4 11. cxd4 Qxd4 12. Bxc6 bxc6 13. Be3 Qb4 14. Qc2
Qe4 15. Qe2 Qd3 16. Qf3 Qe4 17. Qe2 Qd3 18. Qe1 Nd5 19. Bxa7 Bb4 20. Qc1 Nf4 21.
Qxf4 Qxf1+ 22. Kxf1 Rd1+ 23. Ke2 Re1+ 24. Kf3 {Black resigns} 1-0

[Event "Team 45 45 League T70"]
[Site "Internet Chess Club"]
[Date "2016.09.30"]
[Round "4"]
[White "Yedixon"]
[Black "Hal2001"]
[Result "1-0"]
[WhiteElo "1722"]
[BlackElo "1569"]
[Opening "Robatsch (modern) defense"]
[ECO "B06"]
[Time "09:10:34"]
[TimeControl "2700+45"]

1. e4 g6 2. f4 Bg7 3. Nf3 c5 4. Nc3 Nc6 5. Bb5 d6 6. O-O Bd7 7. Bxc6 Bxc6 8. d3
e6 9. Qe1 Ne7 10. Bd2 Qd7 11. Rb1 O-O-O 12. b4 a6 13. bxc5 dxc5 14. Ne5 Qe8 15.
Qf2 f6 16. Nc4 Rd4 17. Be3 f5 18. e5 Rxc4 19. dxc4 g5 20. Bxc5 gxf4 21. Bxe7
Qxe7 22. Qxf4 Qc5+ 23. Qf2 Qxc4 24. Qe3 Bf8 25. Rf4 Bc5 26. Rxc4 Bxe3+ 27. Kf1
Rg8 28. Ne2 Kd7 29. g3 Bd5 30. Rd4 Bxd4 31. Nxd4 b5 32. a4 Rg4 33. c3 h5 34.
axb5 axb5 35. Kf2 Bc4 36. Nxb5 Bxb5 37. Rxb5 h4 38. gxh4 Rxh4 39. Kg3 Rc4 40.
Rb3 Kc6 41. h4 Rg4+ 42. Kh3 Re4 43. h5 Rxe5 44. h6 f4 45. Kg4 Rf5 46. c4 e5
{Black resigns} 1-0

[Event "Team 45 45 League T70"]
[Site "Internet Chess Club"]
[Date "2016.10.02"]
[Round "4"]
[White "Constrictor"]
[Black "mongmong"]
[Result "1-0"]
[WhiteElo "1547"]
[BlackElo "1457"]
[Opening "Nimzovich-Larsen attack"]
[ECO "A01"]
[Time "18:01:07"]
[TimeControl "2700+45"]

1. b3 e6 2. Bb2 Nf6 3. Nf3 c5 4. e3 Be7 5. c4 O-O 6. Be2 b6 7. O-O Bb7 8. Ne5 d6
9. Bf3 Qc7 10. Bxb7 Qxb7 11. Qf3 Qxf3 12. Nxf3 Nc6 13. a3 Rfd8 14. Nc3 Rd7 15.
d4 cxd4 16. exd4 d5 17. cxd5 Nxd5 18. Ne5 Nxe5 19. dxe5 Nxc3 20. Bxc3 Rd3 21.
Bb4 Bxb4 22. axb4 Rxb3 23. Rab1 Rxb1 24. Rxb1 Kf8 25. f4 Ke7 26. Rc1 Rd8 27. Rc4
g6 28. Kf2 h5 29. Ke2 Rd7 30. g3 a6 31. Rc6 Rb7 32. Kd3 Kd7 33. Rd6+ Kc7 34. Kc3
a5 35. bxa5 bxa5 36. Ra6 Rb5 37. Ra7+ Rb7 38. Rxa5 Kc6 39. Kc2 Kb6 40. Ra3 Kc5
41. Rc3+ Kd4 42. h3 Ke4 43. Kc1 Rd7 44. Kc2 Kf5 45. Rc4 Ra7 46. Kb2 g5 47. Rd4
gxf4 48. Rxf4+ Kxe5 49. Rh4 Rd7 50. Rxh5+ Kf6 51. Kc2 Rd4 52. Rb5 Rd8 53. Rb3
Rh8 54. h4 Rh5 55. Kd2 Re5 56. Re3 Ra5 57. Rf3+ Kg6 58. Ke2 f5 59. Re3 e5 60.
Kf3 Kh5 61. Rb3 Rc5 62. Rb8 Rc3+ 63. Kg2 e4 64. Rh8+ Kg6 65. Rg8+ Kf7 66. Rg5
Kf6 67. Rg8 Rc2+ 68. Kf1 Kf7 69. Rg5 Kf6 70. Rg8 Rh2 71. Kg1 Rd2 72. Kf1 Ke5 73.
Re8+ Kf6 74. Rf8+ Kg6 75. Rg8+ Kf7 76. Rg5 Kf6 77. Rg8 Ra2 78. Rf8+ Kg6 79. Rg8+
Kf7 80. Rg5 Kf6 81. Rg8 e3 82. Re8 f4 83. gxf4 Kf5 84. Rxe3 Kxf4 85. Rb3 Kg4 86.
Rb4+ Kh5 87. Ke1 Rc2 88. Kd1 Ra2 89. Kc1 Rg2 90. Rd4 Rg1+ 91. Kc2 Rg2+ 92. Kc3
Rg1 93. Kc4 Rc1+ 94. Kd5 Ra1 95. Ke6 Re1+ 96. Kf6 Rf1+ 97. Ke5 Rh1 98. Rd8 Re1+
99. Kf4 Rf1+ 100. Ke5 Kxh4 101. Rh8+ Kg5 102. Rg8+ Kh6 103. Ke4 Kh7 104. Rg3 Ra1
105. Ke5 Ra5+ 106. Ke6 Ra6+ 107. Kf7 Ra7+ 108. Kf6 Ra6+ 109. Kf7 Kh6 110. Rf3
Kg5 111. Rg3+ Kf4 112. Rg1 Ra7+ 113. Ke6 Ra6+ 114. Kd7 Kf3 115. Rg5 Ra7+ 116.
Kd6 Ra6+ 117. Kc7 Ra7+ 118. Kd6 Rf7 119. Re5 Kf4 120. Re7 Rf8 121. Kd7 Ra8 122.
Re8 Kf5 123. Rxa8 {Black resigns} 1-0

[Event "Team 45 45 League T70"]
[Site "Internet Chess Club"]
[Date "2016.09.29"]
[Round "4"]
[White "BrerRabbit"]
[Black "Gilguli"]
[Result "0-1"]
[WhiteElo "1408"]
[BlackElo "1460"]
[Opening "Queen's pawn, Mason variation"]
[ECO "D00"]
[Time "15:00:14"]
[TimeControl "2700+45"]

1. d4 d5 2. Bf4 Nc6 3. e3 Nf6 4. c4 e6 5. Nc3 Bb4 6. Nf3 Nh5 7. Bg5 f6 8. Bh4 g5
9. Nxg5 Ng7 10. Nf3 Nf5 11. Bg3 Nxg3 12. hxg3 Qe7 13. Qc2 Bd7 14. Be2 O-O-O 15.
a3 Bxc3+ 16. Qxc3 Rdg8 17. cxd5 exd5 18. Bd3 Rg4 19. Rh4 Rg7 20. Kd2 Bg4 21.
Rah1 Nd8 22. Qc5 Qd7 23. Qxa7 Nc6 24. Qa8+ Nb8 25. Qa5 Nc6 26. Qc5 b6 27. Qb5
Kb7 28. Rh6 Qe7 29. Qxd5 Rd8 30. Qe4 Qf7 31. Rxh7 Rxh7 32. Rxh7 Qg8 33. Kc3 f5
34. Qf4 Qxh7 35. Ne5 Ne7 36. Nxg4 Nd5+ 37. Kd2 Nxf4 38. gxf4 {White resigns} 0-1

[Event "Team 45 45 League T70"]
[Site "Internet Chess Club"]
[Date "2016.09.29"]
[Round "4"]
[White "Invicta-Knight"]
[Black "Capt-Morgan"]
[Result "1-0"]
[WhiteElo "1685"]
[BlackElo "1906"]
[Opening "French: Steinitz variation"]
[ECO "C11"]
[Time "15:22:47"]
[TimeControl "2700+45"]

1. e4 e6 2. d4 d5 3. Nc3 Nf6 4. e5 Nfd7 5. Nf3 Be7 6. Be3 a6 7. Qd2 c5 8. Ne2
cxd4 9. Nexd4 Qc7 10. Bf4 Nc5 11. Qe3 Nc6 12. Be2 Ne4 13. c3 Na5 14. O-O O-O 15.
c4 Nxc4 16. Rfc1 Nxe3 17. Rxc7 Bd8 18. Rxc8 Rxc8 19. Bxe3 Bc7 20. Bd3 Bb8 21.
Nb3 h6 22. Na5 b5 23. a4 bxa4 24. Rxa4 Nc5 25. Bxc5 Rxc5 26. Nb3 Rc6 27. Rxa6
Rfc8 28. Rxc6 Rxc6 29. Kf1 Rb6 30. Bc2 f6 31. exf6 gxf6 32. h3 Kf7 33. Ke2 Ra6
34. Kd2 Ba7 35. Nbd4 h5 36. b4 e5 37. Nb5 Bxf2 38. Bb3 Kg6 39. Nc7 Rd6 40. Ke2
Bg3 41. Nxd5 e4 42. Ne7+ Kh7 43. Bg8+ Kh8 44. Nd2 Rd7 45. Nd5 f5 46. Nc4 Ra7 47.
Be6 f4 48. Na5 h4 49. Bf5 e3 50. Kf3 Rf7 51. Bd3 Rd7 52. Bc4 Rd8 53. b5 Ra8 54.
Nb3 Ra2 55. Be2 Rb2 56. Nd4 Rd2 57. b6 Rxd4 58. b7 {Black resigns} 1-0

[Event "Team 45 45 League T70"]
[Site "Internet Chess Club"]
[Date "2016.10.02"]
[Round "4"]
[White "parrot9"]
[Black "RD1974"]
[Result "1/2-1/2"]
[WhiteElo "1684"]
[BlackElo "1688"]
[Opening "Scandinavian: Pytel-Wade variation"]
[ECO "B01"]
[Time "14:10:45"]
[TimeControl "2700+45"]

1. e4 d5 2. exd5 Qxd5 3. Nc3 Qd6 4. d4 Nf6 5. Nf3 c6 6. Ne5 Bf5 7. Bf4 Nd5 8.
Nxd5 Qxd5 9. Qd2 Qe4+ 10. Kd1 Qd5 11. Bc4 Qxg2 12. Bxf7+ Kd8 13. Re1 Nd7 14. Bh5
Nxe5 15. dxe5+ Qd5 16. Qxd5+ cxd5 17. e6 Rc8 18. c3 d4 19. Re5 g6 20. Bf3 Bg7
21. Bxb7 Bxe5 22. Bxe5 dxc3 23. bxc3 Rf8 24. Bxc8 Kxc8 25. Bd4 Kb7 26. Kd2 Bxe6
27. Re1 Bxa2 28. Rxe7+ Kc6 29. Rxa7 Bb1 30. Rxh7 Rf3 31. Ke2 Rf8 32. Rg7 Bf5 33.
Kf1 Kd5 34. Kg2 Be4+ 35. Kg3 Bf5 36. h4 Re8 37. Ra7 Re1 38. Ra5+ Ke6 39. f3 Rh1
40. Ra6+ Kd5 41. Bf6 Bd3 42. Rb6 Bf5 43. Kf4 Rh3 44. Rb5+ Ke6 45. Bg5 Bd3 46.
Re5+ Kd6 47. Re3 Bf5 48. Be7+ Kd7 49. c4 Be6 50. Rxe6 Kxe6 51. Kg4 Rh1 52. Bf8
Rg1+ 53. Kf4 Rh1 54. Kg3 Rg1+ 55. Kh2 Rc1 56. c5 Kf5 57. Kg2 Rc4 58. Kg3 Kf6 59.
Bd6 Kf5 60. Be7 Rc3 61. Bd6 Rc4 62. Be7 Rc3 63. Bd6 Rc4 {Game drawn by
repetition} 1/2-1/2

[Event "Team 45 45 League T70"]
[Site "Internet Chess Club"]
[Date "2016.09.29"]
[Round "4"]
[White "noblitz-oblige"]
[Black "az2112"]
[Result "1-0"]
[WhiteElo "1502"]
[BlackElo "1602"]
[Opening "Giuoco Pianissimo"]
[ECO "C50"]
[Time "09:01:08"]
[TimeControl "2700+45"]

1. e4 e5 2. Nf3 Nc6 3. Bc4 Bc5 4. d3 Nf6 5. Bg5 h6 6. Bh4 d6 7. Nc3 Be6 8. a3 a6
9. h3 g5 10. Bxe6 fxe6 11. Bg3 Qe7 12. O-O O-O-O 13. b4 Bb6 14. b5 axb5 15. Nxb5
Nh5 16. Bh2 Nf4 17. Nd2 h5 18. Nc4 Bc5 19. c3 d5 20. exd5 exd5 21. Ne3 d4 22.
cxd4 Nxd4 23. Qa4 Nxb5 24. Qxb5 Nxd3 25. Rfd1 Nf4 26. Rdc1 Bxe3 27. fxe3 Nd5 28.
Rab1 c6 29. Bxe5 Rh6 30. Bd4 Nxe3 31. Qb6 Nd5 32. Qa7 Qc7 33. Be5 {Black
resigns} 1-0

[Event "Team 45 45 League T70"]
[Site "Internet Chess Club"]
[Date "2016.10.02"]
[Round "4"]
[White "crazyhorses"]
[Black "chesskix"]
[Result "0-1"]
[WhiteElo "1330"]
[BlackElo "1525"]
[Opening "Sicilian defense"]
[ECO "B32"]
[Time "16:00:50"]
[TimeControl "2700+45"]

1. e4 c5 2. Nf3 Nc6 3. d4 cxd4 4. Nxd4 a6 5. Nc3 e5 6. Nb3 Bb4 7. Bd2 Nf6 8. f3
O-O 9. Bd3 d6 10. a3 Bxc3 11. Bxc3 Qb6 12. Bd2 Be6 13. c4 Nd4 14. Ba5 Qxb3
{White resigns} 0-1

[Event "Team 45 45 League T70"]
[Site "Internet Chess Club"]
[Date "2016.10.02"]
[Round "4"]
[White "Littlemon"]
[Black "andrew37"]
[Result "0-1"]
[WhiteElo "1584"]
[BlackElo "1755"]
[Opening "Nimzo-Indian: 4.e3"]
[ECO "E40"]
[Time "18:01:13"]
[TimeControl "2700+45"]

1. d4 Nf6 2. c4 e6 3. Nc3 Bb4 4. e3 d5 5. Ne2 dxc4 6. a3 Ba5 7. Qa4+ Nc6 8. Qxc4
O-O 9. g3 Bd7 10. Qb3 b5 11. Bg2 Rb8 12. Qd1 Qe7 13. O-O a6 14. h3 Rfd8 15. Kh2
Be8 16. b4 Bb6 17. Qc2 Na7 18. Bd2 Nc8 19. Nd1 Nd6 20. Nb2 Bd7 21. Nf4 Bc8 22.
Nfd3 Bb7 23. Ne5 Bxg2 24. Kxg2 c6 25. Nbd3 Qb7 26. Kh2 Rbc8 27. Rfc1 Nfe4 28.
Be1 f6 29. Nf3 Qf7 30. Qa2 Nc4 31. Nd2 Nexd2 32. Bxd2 e5 33. Bc3 exd4 34. Bxd4
Bxd4 35. exd4 Rxd4 36. Nc5 Rd2 37. Rc2 Rcd8 38. Rac1 Kf8 39. Nxa6 Qg6 40. Nc5
Qf5 41. Kh1 Qf3+ {White resigns} 0-1

[Event "Team 45 45 League T70"]
[Site "Internet Chess Club"]
[Date "2016.09.28"]
[Round "4"]
[White "QuieroAprender"]
[Black "Bizzy-Ketty"]
[Result "0-1"]
[WhiteElo "1641"]
[BlackElo "1596"]
[Opening "Nimzo-Indian: three knights variation"]
[ECO "E21"]
[Time "18:00:29"]
[TimeControl "2700+45"]

1. d4 Nf6 2. Nf3 e6 3. c4 Bb4+ 4. Nc3 O-O 5. a3 Bxc3+ 6. bxc3 d6 7. Bg5 Nbd7 8.
Qc2 h6 9. Bh4 b6 10. e4 Qe8 11. Bd3 Bb7 12. d5 exd5 13. cxd5 Bxd5 14. O-O Bxe4
15. Rfe1 Bxd3 16. Rxe8 Bxc2 17. Re7 c5 18. Ra2 Bb3 19. Rd2 d5 20. Rb2 Bc4 21.
Nd2 Bd3 22. f3 Rfe8 {White resigns} 0-1

[Event "Team 45 45 League T70"]
[Site "Internet Chess Club"]
[Date "2016.10.02"]
[Round "4"]
[White "MasterD"]
[Black "Innes"]
[Result "1-0"]
[WhiteElo "1509"]
[BlackElo "1537"]
[Opening "Bishop's opening: Berlin defense"]
[ECO "C24"]
[Time "17:07:39"]
[TimeControl "2700+45"]

1. e4 e5 2. Bc4 Nf6 3. d3 c6 4. Nf3 d5 5. exd5 cxd5 6. Bb3 Nc6 7. O-O Bd6 8. Nc3
Bg4 9. h3 Bh5 10. Bg5 h6 11. Bxf6 Qxf6 12. Nxd5 Qg6 13. Re1 Nd4 14. Nxe5 Ne2+
15. Rxe2 Bxe2 16. Qxe2 Bxe5 17. Qxe5+ Kf8 18. Re1 f6 19. Ne7 Qe8 20. Qd6 Rd8 21.
Ng6# {Black checkmated} 1-0

[Event "Team 45 45 League T70"]
[Site "Internet Chess Club"]
[Date "2016.10.02"]
[Round "4"]
[White "RUPIS"]
[Black "VictorRed"]
[Result "1/2-1/2"]
[WhiteElo "1709"]
[BlackElo "1701"]
[Opening "Philidor's defense"]
[ECO "C41"]
[Time "02:00:22"]
[TimeControl "2700+45"]

1. e4 e5 2. Nf3 d6 3. Nc3 Nf6 4. h3 Nc6 5. Bb5 Bd7 6. d4 exd4 7. Nxd4 Nxd4 8.
Bxd7+ Qxd7 9. Qxd4 Be7 10. O-O O-O 11. Be3 c5 12. Qd3 Qc6 13. Nd5 Nxd5 14. exd5
Qb6 15. b3 Bf6 16. Rab1 Qa5 17. a4 Qc3 18. Qd1 Rfe8 19. Bd2 {Game drawn by
mutual agreement} 1/2-1/2

[Event "Team 45 45 League T70"]
[Site "Internet Chess Club"]
[Date "2016.10.01"]
[Round "4"]
[White "kabindra"]
[Black "Zugzwanged"]
[Result "1-0"]
[WhiteElo "1751"]
[BlackElo "1689"]
[Opening "French: Tarrasch, Guimard variation"]
[ECO "C04"]
[Time "13:01:28"]
[TimeControl "2700+45"]

1. e4 e6 2. d4 d5 3. Nd2 Nc6 4. c3 e5 5. Ngf3 exd4 6. cxd4 dxe4 7. Nxe4 Bg4 8.
Bc4 Bb4+ 9. Nc3 Qe7+ 10. Be3 O-O-O 11. O-O Nf6 12. a3 Bd6 13. h3 Bd7 14. Re1 Qf8
15. Ng5 Be8 16. b4 h6 17. Nf3 g5 18. Ne5 Nxe5 19. dxe5 Bxe5 20. Qc2 Bd4 21. Bxd4
Rxd4 22. Bb5 a6 23. Bxe8 Nxe8 24. b5 Qd6 25. bxa6 Qxa6 26. Qf5+ Kb8 27. Qxf7 Rd8
28. Nd5 Qc4 29. Rad1 c6 30. Rxe8 Rhxe8 31. Qc7+ Ka7 32. Qb6+ Kb8 33. Rb1 Rd7 34.
Nf6 Red8 35. Nxd7+ Rxd7 36. a4 Qxa4 37. Re1 Rc7 38. Qc5 Rc8 39. Qd6+ Ka8 40. Qe5
{Black forfeits on time} 1-0

[Event "Team 45 45 League T70"]
[Site "Internet Chess Club"]
[Date "2016.09.30"]
[Round "4"]
[White "pokerram"]
[Black "Heian"]
[Result "1/2-1/2"]
[WhiteElo "1555"]
[BlackElo "1636"]
[Opening "English opening: Agincourt variation"]
[ECO "A13"]
[Time "18:02:00"]
[TimeControl "2700+45"]

1. Nf3 d5 2. c4 e6 3. d4 f5 4. Nc3 c6 5. Bf4 Nf6 6. e3 Bd6 7. Be2 O-O 8. O-O Ne4
9. Bxd6 Qxd6 10. c5 Qe7 11. Ne5 Nd7 12. f4 Nxe5 13. fxe5 b6 14. Nxe4 fxe4 15. b4
bxc5 16. bxc5 Rxf1+ 17. Qxf1 Bb7 18. Rb1 Rf8 19. Qe1 Qf7 20. Qf1 Qe7 21. Qe1 Bc8
22. Qg3 Rf5 23. Bg4 Rg5 24. h4 Rg6 25. h5 Rg5 26. Qh3 Kf7 27. Qg3 h6 28. Qf4+
Ke8 29. Rb8 Qc7 30. Rb1 Qe7 31. Rb8 Qc7 32. Rb1 Qe7 33. Rb8 Qc7 34. Rb1 {Game
drawn by repetition} 1/2-1/2

[Event "Team 45 45 League T70"]
[Site "Internet Chess Club"]
[Date "2016.10.04"]
[Round "4"]
[White "Andaluz"]
[Black "kingphisch"]
[Result "1-0"]
[WhiteElo "1394"]
[BlackElo "1448"]
[Opening "Caro-Kann: Tartakower (Nimzovich) variation"]
[ECO "B15"]
[Time "15:00:35"]
[TimeControl "2700+45"]

1. e4 c6 2. d4 d5 3. Nc3 dxe4 4. Nxe4 Nf6 5. Nxf6+ exf6 6. Nf3 Be6 7. b3 Bd6 8.
Bd3 O-O 9. O-O Nd7 10. Be3 Nb6 11. c4 Bc7 12. Bc2 Re8 13. Re1 Nc8 14. Qd3 g6 15.
Rad1 Bf5 16. Qc3 Ne7 17. Nh4 Bxc2 18. Qxc2 Qd6 19. g3 Qd7 20. Kg2 g5 21. Nf3 Nf5
22. Bd2 Rxe1 23. Bxe1 Re8 24. Bc3 Qd6 25. Qxf5 {Black resigns} 1-0